 Dungeon Sprint DCSS version 0.26-a0-1102-g347fe5baa7 (webtiles) character file.

Game seed: 10445451589518475495

33701 mhtbhm the Imperceptible (level 14, 0/100 HPs)
             Began as a Kobold Hunter on Dec 14, 2020.
             Was the Champion of Okawaru.
             Slain by a fire elemental (3 damage)
             ... led by Azrael
             ... in the Dungeon (Sprint IX: "|||||||||||||||||||||||||||||") on Dec 15, 2020.
             The game lasted 00:22:02 (8549 turns).

mhtbhm the Imperceptible (Kobold Hunter)            Turns: 8549, Time: 00:22:03

Health: 0/100      AC: 27    Str: 15    XL:     14   Next: 9%
Magic:  13/15      EV: 20    Int: 16    God:    Okawaru [******]
Gold:   179        SH:  0    Dex: 21    Spells: 11/13 levels left

rFire    . . .     SeeInvis .   c - +5 dagger (venom)
rCold    . . .     Faith    .   (shield restricted)
rNeg     . . .     Spirit   .   b - +3 chain mail
rPois    +         Reflect  .   w - +0 hat of Woqal {rPois rCorr Int+4 Stlth+}
rElec    .         Harm     .   x - +0 cloak
rCorr    +         Rampage  +   e - +1 pair of gloves {Dex+3}
Will     +....     NoTele   +   B - +2 pair of boots {rampage}
Stlth    +++++++++.             (no amulet)
HPRegen  0.26/turn              p - +2 ring of protection
MPRegen  0.14/turn              q - +3 ring of dexterity

@: heroism
A: small, nightstalker 3
a: Heroism, Finesse, Renounce Religion


You were in the Dungeon.
You worshipped Okawaru.
Okawaru was exalted by your worship.
You visited 1 branch You collected 1868 gold pieces.
You spent 1689 gold pieces at shops.

Inventory:

Hand Weapons
 a - a +1 hand crossbow
 c - a +5 dagger of venom (weapon)
 D - a +3 short sword of holy wrath
Missiles
 d - 118 bolts
Armour
 b - a +3 chain mail (worn)
 e - a +1 pair of gloves of dexterity (worn)
 w - the +0 hat of Woqal (worn) {rPois rCorr Int+4 Stlth+}
   (Okawaru gifted it to you in the Dungeon)

   It affects your intelligence (+4).
   It protects you from poison.
   It provides partial protection from all sources of acid and corrosion.
   It makes you more stealthy.
 x - a +0 cloak (worn)
 B - a +2 pair of boots of rampaging (worn)
 F - the +0 pair of boots "Mepewe" {rElec}
   (You found it in the Dungeon)

   It insulates you from electricity.
Jewellery
 p - a +2 ring of protection (left hand)
 q - a +3 ring of dexterity (right hand)
 C - an uncursed ring of willpower
 E - an uncursed ring of willpower
Wands
 n - a wand of acid (10)
 o - a wand of polymorph (12)
Scrolls
 j - 2 scrolls of blinking
 l - 4 scrolls of remove curse
 m - 2 scrolls of amnesia
 s - 2 scrolls of identify
 t - 2 scrolls of fear
 u - 2 scrolls of fog
 v - 3 scrolls of enchant armour
 G - 2 scrolls of enchant weapon
Potions
 f - 3 potions of heal wounds
 g - 3 potions of haste
 h - 4 potions of magic
 i - a potion of might
 k - 6 potions of curing
 r - a potion of brilliance
 z - a potion of invisibility
 A - 3 potions of resistance
Miscellaneous
 y - a condenser vane (inert)


   Skills:
 + Level 16.8(21.8) Fighting
 + Level 17.0(22.0) Short Blades
 - Level 18.9(23.9) Crossbows
 + Level 12.6(17.6) Armour
 + Level 10.9(15.9) Dodging
 + Level 21.3(26.3) Stealth
 + Level 1.5 Invocations
 + Level 9.4 Evocations


You had 11 spell levels left.
You knew the following spells:

 Your Spells              Type           Power        Failure   Level
a - Swiftness             Air            #.......     95%         2

Your spell library contained the following spells:

 Spells                   Type           Power        Failure   Level
 Passwall                 Tmut/Erth      #.......     95%         2
 Passage of Golubria      Tloc           N/A          100%        4
 Lee's Rapid Deconstruct  Erth           #.........   100%        5
 Invisibility             Hex            #.......     100%        6


Dungeon Overview and Level Annotations

Branches:
Dungeon (1/1)

Altars:
Cheibriados
Dithmenos
Elyvilon
Fedhas
Gozag
Hepliaklqana
Kikubaaqudgha
Makhleb
Nemelex Xobeh
Okawaru
Qazlal
Ru
Sif Muna
Trog
Uskayaw
Vehumet
Wu Jian
Xom
Yredelemnul
Zin
The Shining One
Beogh
Jiyva
Lugonu

Shops:
D [!}}

Annotations:
D Azrael


Innate Abilities, Weirdness & Mutations

You are small and have problems with some larger weapons.
You are completely attuned to the shadows.


Message History

Okawaru accepts your kill. Azrael gestures at you.
The sphere of damnation explodes!
The damnation engulfs you!!
The fire elemental is struck by lightning.
The fire elemental sizzles in the rain.
You hear a bark!
Unknown command.
You puncture the fire elemental!
The fire elemental is heavily damaged.
You puncture the fire elemental!
The fire elemental is almost destroyed.
Azrael sizzles in the rain.
Azrael gestures at you.
The fireball explodes!
The fireball engulfs the fire elemental.
The fire elemental completely resists.
The fireball engulfs you!!
* * * LOW HITPOINT WARNING * * *
The fire elemental sizzles in the rain.
The fire elemental hits you. The fire elemental burns you!
You die...

▓▓▓▓▓▓▓▓▓▓▓▓▓▓▓▓▓▓▓▓▓
hR§E@................
▓▓▓▓▓▓▓▓▓▓▓▓▓▓▓▓▓▓▓▓▓▓▓▓▓▓▓▓▓▓▓▓▓
...............'..)(.[.).'....°..
.▓▓▓▓▓▓▓▓▓▓▓▓▓▓▓▓▓▓▓▓▓▓▓▓▓▓▓▓▓▓▓▓
...............................).
▓▓▓▓▓▓▓▓▓▓▓▓▓▓▓▓▓▓▓▓▓▓▓▓▓▓▓▓▓▓▓▓▓
.........'.....))=))))..[[..[[[[.
.▓▓▓▓▓▓▓▓▓▓▓▓▓▓▓▓▓▓▓▓▓▓▓▓▓▓▓▓▓▓▓▓
.........)..†....................


You could see Azrael, a fire elemental and a hell hound (catching breath).

Vanquished Creatures
  Gastronok (D)
  Donald (D)
  A very ugly thing (D)
  Nessos (D)
  2 bunyips (D)
  A spark wasp (D)
  An ettin (D)
  Josephine (D)
  2 yaktaur captains (D)
  A merfolk impaler (D)
  Erolcha (D)
  A ghost crab (D)
  2 ice dragons (D)
  A merfolk avatar (D)
  A centaur warrior (D)
  An anaconda (D)
  2 alligators (D)
  An orc high priest (D)
  Urug (D)
  A necromancer (D)
  5 orc knights (D)
  A mana viper (D)
  An orb spider (D)
  A salamander (D)
  An orc sorcerer (D)
  2 wolf spiders (D)
  A cyclops (D)
  A manticore (D)
  2 black mambas (D)
  A naga mage (D)
  A guardian serpent (D)
  A gargoyle (D)
  2 komodo dragons (D)
  4 cane toads (D)
  A rime drake (D)
  2 demonic crawlers (D)
  2 jumping spiders (D)
  5 tyrant leeches (D)
  2 merfolk (D)
  A hornet (D)
  3 snapping turtles (D)
  2 blink frogs (D)
  A redback (D)
  A yak (D)
  A spriggan (shapeshifter) (D)
  3 wraiths (D)
  A tarantella (shapeshifter) (D)
  2 wyverns (D)
  A basilisk (D)
  Grum (D)
  A fire elemental (D)
  2 nagas (D)
  3 water moccasins (D)
  A hell hound (D)
  2 sky beasts (D)
  An ice beast (D)
  7 orc warriors (D)
  2 black bears (D)
  4 wolves (D)
  A boggart (D)
  6 bullfrogs (D)
  A scorpion (D)
  An orc priest (D)
  6 orc wizards (D)
  An adder (D)
  3 worms (D)
  A leopard gecko (D)
  18 orcs (D)
  2 bat zombies (D)
  A giant cockroach (D)
  2 goblins (D)
  2 jackals (D)
  A bat (D)
  A frilled lizard (D)
  A rat (D)
148 creatures vanquished.

Vanquished Creatures (others)
  An alligator (D)
  A swamp dragon (D)
  A will-o-the-wisp (D)
  A swamp drake (D)
4 creatures vanquished.

Grand Total: 152 creatures vanquished

Notes
Turn   | Place    | Note
-------+----------+-------------------------------------------
     0 | D        | mhtbhm the Kobold Hunter began the quest for the Orb.
     0 | D        | Reached XP level 1. HP: 12/12 MP: 1/1
     7 | D        | Reached skill level 5 in Crossbows
    10 | D        | Banished a spatial maelstrom
    42 | D        | Reached XP level 2. HP: 18/18 MP: 2/2
    54 | D        | Noticed a scorpion
    72 | D        | Killed a scorpion
    73 | D        | Reached XP level 3. HP: 23/23 MP: 3/3
    73 | D        | Reached XP level 4. HP: 28/28 MP: 4/4
   185 | D        | Found a roughly hewn altar of Beogh.
   185 | D        | Found a snail-covered altar of Cheibriados.
   185 | D        | Found a shadowy altar of Dithmenos.
   186 | D        | Found a white marble altar of Elyvilon.
   187 | D        | Found a blossoming altar of Fedhas.
   188 | D        | Found an opulent altar of Gozag.
   189 | D        | Found a hazy altar of Hepliaklqana.
   190 | D        | Found a viscous altar of Jiyva.
   191 | D        | Found an ancient bone altar of Kikubaaqudgha.
   192 | D        | Found a corrupted altar of Lugonu.
   193 | D        | Found a burning altar of Makhleb.
   194 | D        | Found a sparkling altar of Nemelex Xobeh.
   195 | D        | Found an iron altar of Okawaru.
   196 | D        | Found a stormy altar of Qazlal.
   197 | D        | Found a sacrificial altar of Ru.
   198 | D        | Found a shimmering blue altar of Sif Muna.
   199 | D        | Found a bloodstained altar of Trog.
   200 | D        | Became a worshipper of Warmaster Okawaru
   201 | D        | Found a hide-covered altar of Uskayaw.
   202 | D        | Found a radiant altar of Vehumet.
   203 | D        | Found an ornate altar of the Wu Jian Council.
   204 | D        | Found a shimmering altar of Xom.
   205 | D        | Found a basalt altar of Yredelemnul.
   206 | D        | Found a glowing silver altar of Zin.
   207 | D        | Found a glowing golden altar of the Shining One.
   262 | D        | Noticed a black bear
   262 | D        | Noticed a bullfrog
   277 | D        | Killed a black bear
   278 | D        | Reached skill level 1 in Armour
   278 | D        | Reached XP level 5. HP: 31/34 MP: 5/5
   278 | D        | Killed a bullfrog
   279 | D        | Reached skill level 5 in Fighting
   279 | D        | Reached XP level 6. HP: 36/40 MP: 6/6
   310 | D        | Noticed an ice beast
   313 | D        | Reached * piety under Okawaru
   314 | D        | Reached skill level 1 in Short Blades
   323 | D        | Killed an ice beast
   324 | D        | Reached XP level 7. HP: 42/47 MP: 7/7
   331 | D        | Noticed a gargoyle
   355 | D        | Killed a gargoyle
   355 | D        | Reached ** piety under Okawaru
   356 | D        | Reached skill level 5 in Short Blades
   356 | D        | Reached skill level 5 in Dodging
   356 | D        | Reached skill level 4 in Stealth
   435 | D        | Noticed a spriggan
   437 | D        | Noticed a centaur warrior
   438 | D        | Reached XP level 8. HP: 51/53 MP: 8/8
   442 | D        | Reached skill level 5 in Stealth
   443 | D        | Killed a spriggan
   444 | D        | Reached skill level 15 in Crossbows
   455 | D        | Killed a centaur warrior
   455 | D        | Reached *** piety under Okawaru
   456 | D        | Reached skill level 7 in Stealth
   456 | D        | Reached XP level 9. HP: 25/60 MP: 9/9
   683 | D        | Noticed Gastronok
   717 | D        | Killed Gastronok
   717 | D        | Reached **** piety under Okawaru
   717 | D        | Received a gift from Okawaru
   718 | D        | Reached skill level 10 in Fighting
   718 | D        | Reached skill level 9 in Stealth
   718 | D        | Reached skill level 1 in Evocations
   718 | D        | Reached XP level 10. HP: 42/68 MP: 10/10
   954 | D        | Learned a level 2 spell: Swiftness
   954 | D        | Noticed a rime drake
   954 | D        | Noticed a cane toad
   954 | D        | Noticed a komodo dragon
   958 | D        | Noticed a cane toad
   962 | D        | Killed a rime drake
   962 | D        | Reached ***** piety under Okawaru
   963 | D        | Reached skill level 10 in Stealth
   970 | D        | Killed a cane toad
   972 | D        | Killed a komodo dragon
   979 | D        | Killed a cane toad
   989 | D        | Reached skill level 11 in Stealth
  1323 | D        | Noticed a cane toad
  1335 | D        | Killed a cane toad
  1335 | D        | Received a gift from Okawaru
  1427 | D        | Noticed a cane toad
  1450 | D        | Killed a cane toad
  1450 | D        | Received a gift from Okawaru
  1457 | D        | Reached XP level 11. HP: 33/74 MP: 11/11
  1505 | D        | Received a gift from Okawaru
  1586 | D        | Reached skill level 15 in Short Blades
  2760 | D        | Received a gift from Okawaru
  2763 | D        | Got a transparent hat {god gift}
  2774 | D        | Identified the +0 hat of Woqal {rPois rCorr Int+4 Stlth+}
                  | (Okawaru gifted it to you in the Dungeon)
  4035 | D        | Noticed Josephine
  4062 | D        | Killed Josephine
  4616 | D        | Noticed Erolcha
  4625 | D        | Paralysed by Erolcha for 2 turns
  4632 | D        | Paralysed by Erolcha for 5 turns
  4635 | D        | Killed Erolcha
  5182 | D        | Noticed an orc knight
  5222 | D        | Killed an orc knight
  5588 | D        | Noticed an orc knight
  5589 | D        | Noticed an orc knight
  5592 | D        | Killed an orc knight
  5593 | D        | Reached XP level 12. HP: 81/84 MP: 12/12
  5595 | D        | Reached skill level 10 in Armour
  5602 | D        | Noticed an orc high priest
  5604 | D        | Killed an orc high priest
  5624 | D        | Reached skill level 1 in Invocations
  5654 | D        | Found Beink's Armour Emporium.
  5657 | D        | Found Hisazer's Distillery.
  5659 | D        | Found Voytakh's Gadget Emporium.
  5661 | D        | Found Xowalof's Gadget Shoppe.
  5669 | D        | Reached skill level 12 in Stealth
  5746 | D        | Bought a condenser vane for 480 gold pieces
  5752 | D        | Bought a potion of curing for 30 gold pieces
  5752 | D        | Bought a potion of invisibility for 80 gold pieces
  5752 | D        | Bought a potion of curing for 30 gold pieces
  5752 | D        | Bought a potion of curing for 30 gold pieces
  5752 | D        | Bought a potion of resistance for 100 gold pieces
  5754 | D        | Bought a +2 pair of boots of rampaging for 215 gold pieces
  5767 | D        | Bought a potion of haste for 100 gold pieces
  5769 | D        | Bought a wand of acid (10) for 336 gold pieces
  5769 | D        | Bought a wand of acid (8) for 288 gold pieces
  5829 | D        | Noticed Urug
  5844 | D        | Killed Urug
  5844 | D        | Received a gift from Okawaru
  5845 | D        | Reached skill level 13 in Stealth
  6038 | D        | Noticed Grum
  6040 | D        | Killed Grum
  6103 | D        | Got the +0 pair of boots "Mepewe" {rElec}
  6245 | D        | Reached skill level 15 in Fighting
  6262 | D        | Reached skill level 14 in Stealth
  6267 | D        | Noticed a yaktaur captain
  6269 | D        | Noticed a brown very ugly thing
  6270 | D        | Noticed an ettin
  6273 | D        | Noticed an ice dragon
  6288 | D        | Killed an ice dragon
  6289 | D        | Noticed a yaktaur captain
  6290 | D        | Killed a yaktaur captain
  6292 | D        | Killed a brown very ugly thing
  6292 | D        | Reached ****** piety under Okawaru
  6293 | D        | Reached skill level 15 in Stealth
  6293 | D        | Killed an ettin
  6294 | D        | Noticed an ice dragon
  6299 | D        | Killed a yaktaur captain
  6299 | D        | Killed an ice dragon
  6300 | D        | Reached skill level 16 in Stealth
  6300 | D        | Reached skill level 5 in Evocations
  6300 | D        | Reached XP level 13. HP: 21/92 MP: 13/13
  6662 | D        | Noticed Donald
  6664 | D        | Killed Donald
  6665 | D        | Reached skill level 17 in Stealth
  6711 | D        | Noticed a merfolk avatar
  6718 | D        | Killed a merfolk avatar
  6719 | D        | Noticed a merfolk impaler
  6724 | D        | Reached skill level 18 in Stealth
  6730 | D        | Received a gift from Okawaru
  6731 | D        | Killed a merfolk impaler
  6865 | D        | Noticed a spark wasp
  6867 | D        | Reached skill level 19 in Stealth
  6872 | D        | HP: 3/93 [spark wasp (12)]
  6874 | D        | Killed a spark wasp
  6874 | D        | Received a gift from Okawaru
  6875 | D        | Reached skill level 10 in Dodging
  7691 | D        | Noticed a bunyip
  7692 | D        | Noticed a ghost crab
  7693 | D        | Reached skill level 20 in Stealth
  7693 | D        | Killed a bunyip
  7694 | D        | Noticed a bunyip
  7711 | D        | Upgraded the game from 0.26-a0-1086-g9010512d90 to
                  | 0.26-a0-1102-g347fe5baa7
  7724 | D        | Killed a ghost crab
  7733 | D        | Killed a bunyip
  8055 | D        | Noticed an anaconda
  8070 | D        | Killed an anaconda
  8071 | D        | Reached skill level 21 in Stealth
  8091 | D        | Reached XP level 14. HP: 77/100 MP: 0/15
  8277 | D        | Noticed Nessos
  8307 | D        | Killed Nessos
  8539 | D        | Noticed Azrael
  8549 | D        | HP: 3/100 [Azrael/fireball (31)]
  8549 | D        | Slain by a fire elemental

Illustrated notes

Levels and vault maps discovered:
D:        linesprint [early_d, line_temple, items_1, d_10, items_2, lair_1,
          lair_end, items_3, orc_1, orc_end, items_4, d_15, swamp_1, shoals_1,
          snake_1, spider_1, d_20, vaults_1, items_5, swamp_end, shoals_end,
          snake_end, spider_end, vaults_end, d_27, items_6, zot_1, zot_end,
          crypt_end, forest_end, elf_end, slime_end, tomb_end, abyss_end,
          pan_hell_end]

Skill      XL: |  1  2  3  4  5  6  7  8  9 10 11 12 13 14 |
---------------+-------------------------------------------+-----
Crossbows      | 6 9 11 12 14 15 16 18 | 18.9
Fighting       | 3 4 5 6 7 8 10 11 13 15 16 | 16.8
Dodging        | 3 4 5 6 7 8 9 10 | 10.9
Armour         | 1 2 3 4 6 7 9 11 12 | 12.6
Short Blades   | 2 6 9 12 14 15 16 17 | 17.0
Stealth        | 4 7 9 11 16 21 | 21.3
Evocations     | 1 2 3 5 9 |  9.4
Invocations    | 1 |  1.5

Action                   |  1- 3 |  4- 6 |  7- 9 | 10-12 | 13-15 || total
-------------------------+-------+-------+-------+-------+-------++-------
Melee: Rapier            |       |    11 |    34 |    84 |       ||   129
       Dagger            |       |       |       |   189 |   236 ||   425
       Hand crossbow     |       |       |       |     1 |       ||     1
       Punch             |       |       |       |       |     1 ||     1
 Fire: Hand crossbow     |    30 |    14 |    20 |   212 |       ||   276
Invok: Heroism           |       |       |       |     1 |     2 ||     3
Evoke: Wand              |       |       |     1 |    12 |     5 ||    18
       Condenser vane    |       |       |       |     3 |     7 ||    10
  Use: Potion            |     1 |       |     4 |     7 |     2 ||    14
       Scroll            |       |       |       |       |     1 ||     1
 Stab: Invisible         |       |       |     5 |       |       ||     5
       Sleeping          |       |       |       |    11 |    10 ||    21
       Confused          |       |       |       |     2 |     4 ||     6
       Distracted        |       |       |       |     1 |       ||     1
Armor: Leather armour    |     3 |       |       |       |       ||     3
       Scale mail        |       |    16 |     7 |    47 |       ||    70
       Chain mail        |       |       |       |    12 |   112 ||   124
Dodge: Dodged            |    16 |    12 |    24 |   125 |   112 ||   289

Table legend: (Time is in decaauts)
 A = Elapsed time spent in this place.
 B = Non-inter-level travel time spent in this place.
 C = Inter-level travel time spent in this place.
 D = Time resting spent in this place.
 E = Time spent auto-exploring this place.
 F = Levels seen in this place.
 G = Mean time per level.
                   A        B        C        D        E       F      G
               +--------+--------+--------+--------+--------+-----+--------+
         Total |   8291 |   8291 |      0 |   5267 |    854 |   1 | 8291.0 |
       Dungeon |   8291 |   8291 |      0 |   5267 |    854 |   1 | 8291.0 |
               +--------+--------+--------+--------+--------+-----+--------+

Top non-repeatable levels by time:
       D: 8291 daAuts
